 Dungeon Crawl Stone Soup version 0.18.1-48-g4cf74bf (webtiles) character file.

403022 Peloso the Hoplite (level 22, -11/206 HPs)
             Began as a Minotaur Fighter on July 7, 2016.
             Was the Champion of Okawaru.
             Mangled by an acid blob (18 damage)
             ... on level 6 of the Pits of Slime on July 8, 2016.
             The game lasted 04:21:19 (63621 turns).

Peloso the Hoplite (Minotaur Fighter)              Turns: 63621, Time: 04:21:30

Health: -11/206    AC: 21    Str: 30 (31) XL:     22   Next: 31%
Magic:  33/33      EV: 18    Int:  7      God:    Okawaru [******]
Gold:   1572       SH: 21    Dex: 24      Spells: 0 memorised, 22 levels left

rFire  . . .     SeeInvis .     L - +7 falchion "Soddoaxt" {flame, Dex+4}
rCold  . . .     Gourm    .     p - +3 plate armour of Oblivion {Regen+ Int+2}
rNeg   . . .     Faith    +     A - +2 shield {reflect}
rPois  .         Spirit   .     k - +0 hat {MR+}
rElec  .         Dismiss  .     n - +0 cloak
rCorr  +         Reflect  +     Z - +2 pair of gloves of Tartarus {rCorr MP+9}
SustAt .         Harm     .     z - +1 pair of boots {run}
MR     ++++.     Rnd*Rage +     o - amulet of faith
Stlth  ..........               U - ring of the Pariah {MR+ Dex+5 Stlth+}
                                X - +5 ring of strength

@: corroded, very slightly contaminated, hasted, invisible, very quick,
incredibly resistant to hostile enchantments, extremely unstealthy
A: retaliatory headbutt, horns 2, agile 1, berserk 1, blurry vision 1,
deterioration 2, magic resistance 1, screaming 2, weak 1, no device heal 1
a: Heroism, Finesse, Renounce Religion
}: 2/15 runes: serpentine, barnacled


You were on level 6 of the Pits of Slime.
You worshipped Okawaru.
Okawaru was exalted by your worship.
You were near starving.

You visited 8 branches of the dungeon, and saw 43 of its levels.
You also visited: Labyrinth, Ice Cave, Volcano and Wizlab.

You collected 4402 gold pieces.
You spent 2830 gold pieces at shops.

Inventory:

Hand Weapons
 L - the +7 falchion "Soddoaxt" (weapon) {flame, Dex+4}
   (Okawaru gifted it to you on level 3 of the Snake Pit)

   It has been specially enchanted to burn those struck by it, causing extra
   injury to most foes and up to half again as much damage against particularly
   susceptible opponents.
   Big, fiery blades are also staple armaments of hydra-hunters.
   It affects your dexterity (+4).
Armour
 d - a +0 hat of see invisible
 k - a +0 hat of magic resistance (worn)
 n - a +0 cloak (worn)
 p - the +3 plate armour of Oblivion (worn) {Regen+ Int+2}
   (You bought it in a shop on level 1 of the Elven Halls)

   It affects your intelligence (+2).
   It increases your rate of regeneration.
 z - a +1 pair of boots of running (worn)
 A - a +2 shield of reflection (worn)
 V - the +2 pair of fencer's gloves {LBl+4 SBl+4 EV+3 Dex+6}
   (You bought it in a shop on level 14 of the Dungeon)

   It affects your evasion (+3).
   It affects your dexterity (+6).
 Z - the +2 pair of gloves of Tartarus (worn) {rCorr MP+9}
   (You found it in a labyrinth)

   It affects your magic capacity (+9).
   It protects you from acid and corrosion.
Jewellery
 a - an uncursed ring of flight
 o - an amulet of faith (around neck)
 G - an uncursed ring of poison resistance
 U - the ring of the Pariah (right hand) {MR+ Dex+5 Stlth+}
   (You bought it in a shop on level 4 of the Snake Pit)

   [ring of protection from magic]

   It affects your dexterity (+5).
   It affects your resistance to hostile enchantments.
   It makes you more stealthy.
 X - a +5 ring of strength (left hand)
Wands
 l - a wand of disintegration (14/24)
 E - a wand of heal wounds (0/9)
 M - a wand of digging (11/24)
 Q - a wand of teleportation (1/9)
Scrolls
 c - a scroll of recharging
 g - 16 scrolls of remove curse
 i - 7 scrolls of enchant armour
 j - 8 scrolls of fear
 r - 5 scrolls of blinking
 t - 7 scrolls of teleportation
 u - 2 scrolls of magic mapping
 y - a scroll of brand weapon
 B - a scroll of amnesia
 F - 5 scrolls of enchant weapon
 J - 3 scrolls of identify
 T - 3 scrolls of fog
Potions
 b - a potion of cure mutation
 e - 4 potions of haste
 s - 4 potions of flight
 v - 5 potions of agility
 w - 7 potions of curing
 x - 2 potions of might
 D - 3 potions of berserk rage
 H - 5 potions of invisibility
 I - a potion of resistance
Comestibles
 f - 18 bread rations
 h - 9 fruits
 q - 22 meat rations
 O - 11 royal jellies


   Skills:
 + Level 19.3 Fighting
 + Level 22.8 Long Blades
 + Level 1.1 Throwing
 + Level 18.0 Armour
 + Level 10.8 Dodging
 + Level 3.1 Stealth
 + Level 24.2 Shields
 + Level 1.2 Unarmed Combat
 + Level 0.6 Spellcasting
 + Level 5.0 Invocations
 + Level 2.6 Evocations


You had 22 spell levels left.
You didn't know any spells.

Dungeon Overview and Level Annotations

Branches:
Dungeon (15/15)            Temple (1/1) D:6            Lair (8/8) D:9
 Shoals (4/4) Lair:4        Snake (4/4) Lair:6        Slime (6/6) Lair:7
    Orc (2/2) D:10            Elf (3/3) Orc:2        Vaults (0/5) D:14
 Depths (0/5) D:15

Altars:
Ashenzari
Cheibriados
Dithmenos
Elyvilon
Fedhas
Gozag
Kikubaaqudgha
Makhleb
Nemelex Xobeh
Okawaru
Pakellas
Qazlal
Ru
Sif Muna
Trog
Vehumet
Xom
Yredelemnul
Zin
The Shining One
Beogh
Jiyva

Shops:
D:7 *   D:13 *   D:14 [   Orc:1 ![%   Orc:2 }?(?}   Elf:1 *   Snake:4 =((

Portals:
Pandemonium: Orc:2


Innate Abilities, Weirdness & Mutations

You reflexively headbutt those who attack you in melee.
You have a pair of horns on your head.
You are agile. (Dex +2)
You tend to lose your temper in combat.
Scrolls take you a little longer to read.
Your body often deteriorates upon taking damage.
You are resistant to hostile enchantments.
You sometimes yell uncontrollably at your foes.
You are weak. (Str -2)
Potions and wands are less effective at restoring your health.


Message History

Drink which item? (? for menu, Esc to quit)
Okay, then.
Evoke which item? (* to show all) (? for menu, Esc to quit)
Okay, then.
Read which item? (? for menu, Esc to quit)
Really read with blurry vision while enemies are nearby?
Okay, then.
Drink which item? (? for menu, Esc to quit)
You feel better. You block the acid blob's attack.
The acid blob closely misses you. You block the death ooze's attack.
The death ooze completely misses you.
Drink which item? (? for menu, Esc to quit)
You feel better. The acid blob spits acid at you. The splash of acid hits you!
You resist.
* * * LOW HITPOINT WARNING * * *
The acid burns!
You resist.
* * * LOW HITPOINT WARNING * * *
The acid blob hits you!!
You die...

##### ##.#.#####
###...##.#.##
###....#......###
#######.............#..
#...##........<........
##..J.J................. #
#...JJJ@J...............
#.#..JJJJJJ...............
##....JJJJJJG..............
#......JJJJ................
#......J...................
#..........................
#...........................
##..........................
##.........................


You could see 8 acid blobs, 9 azure jellies, a shining eye and 6 death oozes.

Vanquished Creatures
  the Royal Jelly (Slime:6)
  Vashnia (Snake:3)
  The ghost of Elizilla the Brawler, an adept TrMo of Qazlal (Shoals:4)
  An Ice Fiend (IceCv)
  2 deep elf master archers (Elf:3)
  2 deep elf blademasters (Elf:3)
  12 acid blobs
  Gastronok (D:8)
  3 krakens
  10 greater nagas
  7 azure jellies
  Ilsuiw (Shoals:4)
  Donald (Orc:1)
  A frost giant (Shoals:4)
  An orc warlord (Elf:1)
  The ghost of tape the Imperceptible, an adept KoAs of Pakellas (Shoals:1)
  Aizul (Elf:3)
  A deep elf sorcerer (Elf:3)
  3 deep elf elementalists
  Nessos (Lair:8)
  4 deep elf demonologists (Elf:3)
  3 deep elf annihilators (Elf:3)
  6 dire elephants (Lair:8)
  An orange crystal statue (WizLab)
  Snorg (D:9)
  3 merfolk javelineers
  A minotaur (Lab)
  2 death oozes (Slime:6)
  6 deep elf death magi
  10 merfolk impalers
  A deep elf high priest (Elf:3)
  2 great orbs of eyes
  An ogre mage (D:14)
  17 naga warriors
  10 hydras
  10 anacondas
  7 merfolk avatars
  A catoblepas (D:15)
  2 alligator snapping turtles
  The ghost of MirrMurr the Protected, a journeyman GrBe of Trog (Volcano)
  4 merfolk aquamancers
  5 centaur warriors
  2 satyrs
  11 death yaks
  16 naga sharpshooters
  30 dancing weapons
  The ghost of Watshisface the Grappler, a novice TrMo of Trog (D:8)
  10 orc high priests
  2 soul eaters (Orc:2)
  A sun demon (Orc:2)
  5 shock serpents
  21 deep elf knights
  5 salamander mystics
  A small abomination (Elf:3)
  The ghost of Anmu the Shield-Bearer, a novice FoFi (D:6)
  A wizard (D:14)
  2 unseen horrors
  17 sea snakes
  A torturous demonspawn (Orc:2)
  11 naga ritualists
  A giant orange brain (shapeshifter) (D:14)
  2 kraken simulacra (Shoals:4)
  A gelid demonspawn (Orc:2)
  Pikel (D:5)
  7 hill giants
  12 harpies
  10 orc knights
  5 deep elf archers
  A wolf spider (D:15)
  6 shining eyes
  59 deep elf magi
  An oklob plant (Lair:6)
  5 orc sorcerers
  9 mana vipers
  17 fauns
  11 manticores
  12 griffons
  7 cyclopes
  An ugly thing (D:13)
  12 salamanders
  2 centaur zombies (D:13)
  An octopode (shapeshifter) (D:15)
  A manticore (shapeshifter) (Elf:3)
  7 sirens
  10 elephants
  3 guardian serpents
  3 toenail golems (Volcano)
  43 black mambas
  An ice statue (IceCv)
  13 water nymphs
  Psyche (D:10)
  2 gargoyles
  3 eyes of devastation (Slime:3)
  38 naga magi
  11 spiny frogs
  A torpor snail (Lair:8)
  The ghost of Watshisface the Magician, a novice DrAE of Ru (D:5)
  A kobold demonologist (D:14)
  7 komodo dragons
  3 rime drakes
  An efreet (D:13)
  A golden dragon simulacrum (IceCv)
  5 freezing wraiths
  7 ice devils (IceCv)
  5 anaconda simulacra (IceCv)
  6 wind drakes
  6 trolls
  A red devil (Orc:2)
  3 polar bears
  27 merfolk
  A queen bee (D:9)
  4 two-headed ogres
  Grinder (D:5)
  Prince Ribbit (D:6)
  A wolf spider simulacrum (IceCv)
  73 slime creatures
  A boulder beetle (Lair:8)
  8 snapping turtles
  8 blink frogs
  18 water elementals
  5 air elementals
  3 shadows
  A spriggan (shapeshifter) (D:15)
  53 yaks
  A wyvern (D:14)
  3 dire elephant simulacra (IceCv)
  4 basilisks
  9 hippogriffs
  2 fire elementals
  6 humans (Volcano)
  A steam dragon (Lair:6)
  10 golden eyes
  A chaos spawn (Orc:2)
  A death yak simulacrum (IceCv)
  2 neqoxecs (Orc:2)
  3 vampire mosquitoes (D:12)
  4 hungry ghosts
  2 wargs (Orc:2)
  4 harpy simulacra (IceCv)
  A mottled dragon (D:15)
  3 iron troll simulacra (IceCv)
  Edmund (D:4)
  47 nagas
  19 water moccasins
  A soldier ant (D:13)
  2 hell hounds (Lair:4)
  3 hydra simulacra (IceCv)
  2 swamp drakes (Lair:6)
  A giant eyeball (shapeshifter) (D:15)
  44 orc warriors
  12 porcupines
  2 black bears
  4 ice beasts
  6 sky beasts
  A necrophage (D:12)
  4 eyes of draining
  20 ogres
  23 wolves
  19 centaurs
  14 big kobolds
  20 crocodiles
  Blork the orc (D:4)
  24 giant frogs
  A wyvern zombie (D:14)
  2 earth elementals
  4 scorpions
  18 killer bees
  7 wights
  7 howler monkeys
  3 electric eels
  8 crimson imps
  10 hounds
  3 draconian simulacra (IceCv)
  Crazy Yiuf (D:6)
  2 giant frog skeletons
  32 orc priests
  32 jellies
  4 centaur skeletons
  33 orc wizards
  6 iguanas
  Natasha (thrice) (D:4)
  2 troll simulacra (IceCv)
  13 worker ants
  A spriggan simulacrum (IceCv)
  A killer bee zombie (D:8)
  11 sheep
  2 centaur simulacra (IceCv)
  Robin (D:2)
  2 howler monkey zombies
  A naga simulacrum (IceCv)
  3 ogre simulacra (IceCv)
  15 river rats
  10 adders
  2 shadow imps
  8 white imps (IceCv)
  6 ufetubi (IceCv)
  An ooze (D:4)
  2 adder skeletons
  A worm (D:3)
  A dart slug (D:4)
  4 giant geckos
  102 orcs
  2 ball pythons
  3 giant cockroaches
  11 hobgoblins
  14 jackals
  25 kobolds
  4 quokkas
  A ball python zombie (D:6)
  7 bats
  3 giant newts
  25 goblins
  2 quokka zombies
  6 rats
  8 plants
  7 tentacles
1670 creatures vanquished.

Vanquished Creatures (others)
  A deep elf elementalist (Elf:3)
  2 merfolk javelineers (Shoals:4)
  A deep elf high priest (Elf:3)
  A naga sharpshooter (Snake:4)
  A deep elf knight (Elf:2)
  4 deep elf archers
  A griffon (Shoals:4)
  3 deep elf magi
  2 manticores
  A naga mage (Snake:4)
  A merfolk (Shoals:4)
  A naga (Snake:4)
  2 slaves (D:5)
  2 centaurs (Shoals:4)
  An orc priest (Orc:1)
  An orc (D:5)
  A giant cockroach (D:5)
  A giant cockroach zombie (D:5)
  18 fungi
  19 plants
  39 tentacles
  1210 tentacle segments
1313 creatures vanquished.

Grand Total: 2983 creatures vanquished

Notes
Turn   | Place    | Note
--------------------------------------------------------------
     0 | D:1      | Peloso the Minotaur Fighter began the quest for the Orb.
     0 | D:1      | Reached XP level 1. HP: 19/19 MP: 0/0
   153 | D:1      | Reached XP level 2. HP: 24/27 MP: 1/1
   746 | D:2      | Reached XP level 3. HP: 27/34 MP: 2/2
   873 | D:2      | Reached skill level 4 in Shields
  1079 | D:2      | Noticed Robin
  1086 | D:2      | Killed Robin
  1086 | D:2      | Reached XP level 4. HP: 40/41 MP: 3/3
  1368 | D:2      | Reached skill level 1 in Dodging
  1891 | D:3      | Noticed a giant frog
  1901 | D:3      | Killed a giant frog
  1901 | D:3      | Reached XP level 5. HP: 22/47 MP: 4/4
  1974 | D:3      | Reached skill level 5 in Armour
  2244 | D:4      | Noticed an ogre
  2258 | D:4      | Killed an ogre
  2258 | D:4      | Reached skill level 5 in Fighting
  2258 | D:4      | Reached skill level 5 in Shields
  2258 | D:4      | Reached XP level 6. HP: 17/56 MP: 5/5
  2513 | D:4      | Noticed Natasha
  2518 | D:4      | Killed Natasha
  2554 | D:4      | Noticed Natasha
  2558 | D:4      | Killed Natasha
  2560 | D:4      | Noticed Natasha
  2564 | D:4      | Killed Natasha
  2785 | D:4      | Noticed Edmund
  2802 | D:4      | Noticed Blork the orc
  2815 | D:4      | Killed Edmund
  2815 | D:4      | Reached XP level 7. HP: 46/61 MP: 6/6
  2820 | D:4      | Killed Blork the orc
  2970 | D:5      | Entered Level 5 of the Dungeon
  3128 | D:5      | Reached skill level 6 in Shields
  3183 | D:5      | Noticed Pikel
  3198 | D:5      | Killed Pikel
  3198 | D:5      | Reached skill level 5 in Long Blades
  3198 | D:5      | Reached skill level 7 in Shields
  3198 | D:5      | Reached XP level 8. HP: 32/70 MP: 7/7
  3263 | D:5      | Noticed Watshisface's ghost (novice DrAE)
  3387 | D:5      | Killed Watshisface's ghost
  3622 | D:5      | Noticed Grinder
  3638 | D:5      | Paralysed by Grinder for 6 turns
  3649 | D:5      | Killed Grinder
  4294 | D:6      | Reached skill level 5 in Dodging
  4336 | D:6      | Found a staircase to the Ecumenical Temple.
  4359 | Temple   | Entered the Ecumenical Temple
  4634 | D:6      | Noticed Anmu's ghost (novice FoFi)
  4661 | D:6      | Killed Anmu's ghost
  4661 | D:6      | Reached skill level 8 in Shields
  4661 | D:6      | Reached XP level 9. HP: 74/79 MP: 8/8
  4664 | D:6      | Reached skill level 1 in Evocations
  4829 | D:6      | Reached skill level 1 in Stealth
  4895 | D:6      | Found a blossoming altar of Fedhas.
  4931 | D:6      | Found an iron altar of Okawaru.
  4934 | D:6      | Became a worshipper of Warmaster Okawaru
  4979 | D:6      | Noticed Prince Ribbit
  5001 | D:6      | Killed Prince Ribbit
  5061 | D:6      | You fall through a shaft!
  5093 | D:7      | Reached skill level 9 in Shields
  5132 | D:7      | Reached * piety under Okawaru
  5137 | D:7      | Found Kaumyla's General Store.
  5148 | D:7      | Bought a scroll of magic mapping for 49 gold pieces
  5911 | D:7      | Reached ** piety under Okawaru
  5911 | D:7      | Reached XP level 10. HP: 86/86 MP: 9/9
  6492 | D:6      | Noticed Crazy Yiuf
  6500 | D:6      | Killed Crazy Yiuf
  6711 | D:8      | Found a sparkling altar of Nemelex Xobeh.
  6719 | D:8      | Noticed Watshisface's ghost (novice TrMo)
  7034 | D:8      | Killed Watshisface's ghost
  7034 | D:8      | Reached skill level 10 in Shields
  7387 | D:8      | Found an oddly glowing altar of Pakellas.
  7433 | D:8      | Noticed Gastronok
  7457 | D:8      | HP: 2/90 [Gastronok/the air (26)]
  7491 | D:8      | Killed Gastronok
  7491 | D:8      | Reached *** piety under Okawaru
  7491 | D:8      | Received a gift from Okawaru
  7491 | D:8      | Reached **** piety under Okawaru
  7903 | D:8      | Reached skill level 1 in Invocations
  7942 | D:8      | Reached skill level 10 in Long Blades
  7965 | D:8      | Reached XP level 11. HP: 59/97 MP: 10/10
  8556 | D:8      | Found a deep blue altar of Sif Muna.
  8613 | D:9      | Reached skill level 11 in Shields
  8629 | D:9      | Reached ***** piety under Okawaru
  8960 | D:9      | Noticed a hill giant
  8971 | D:9      | Killed a hill giant
  9228 | D:9      | Found a staircase to the Lair.
  9247 | D:9      | Received a gift from Okawaru
  9466 | D:9      | Reached skill level 10 in Fighting
  9629 | D:9      | Found a sacrificial altar of Ru.
  9911 | D:9      | Killed an unseen horror
 10178 | D:9      | Got a blackened falchion
 10179 | D:9      | Identified the cursed +2 falchion of Excruciating Pain {slice, Str+2 Int+3 Stlth+} (You found it on level 9 of the Dungeon)
 10239 | D:10     | Entered Level 10 of the Dungeon
 10484 | D:10     | Noticed a hill giant
 10492 | D:10     | Reached skill level 10 in Armour
 10655 | D:10     | Noticed Snorg
 10655 | D:10     | Noticed Psyche
 10684 | D:9      | Killed Snorg
 10966 | D:10     | Noticed a hill giant
 10975 | D:10     | Killed a hill giant
 11118 | D:10     | Killed Psyche
 11118 | D:10     | Received a gift from Okawaru
 11121 | D:10     | Got an ichor-stained triple crossbow {god gift}
 11207 | D:10     | Reached skill level 12 in Shields
 11248 | D:10     | Found a staircase to the Orcish Mines.
 11459 | D:10     | Reached XP level 12. HP: 84/107 MP: 12/12
 12738 | D:12     | Received a gift from Okawaru
 14136 | D:13     | Found a labyrinth entrance.
 14145 | Lab      | Entered a labyrinth
 15007 | Lab      | Noticed a minotaur
 15030 | Lab      | Killed a minotaur
 15030 | Lab      | Reached skill level 13 in Shields
 15047 | Lab      | Got a pair of distressingly furry gloves
 15059 | Lab      | Identified the +2 pair of gloves of Tartarus {rCorr MP+9} (You found it in a labyrinth)
 15140 | D:13     | Found Sox Ceej's Assorted Antiques.
 15249 | D:13     | Noticed a four-headed hydra
 15263 | D:13     | Killed a one-headed hydra
 15318 | D:13     | Received a gift from Okawaru
 15409 | D:13     | Received a gift from Okawaru
 15409 | D:13     | Reached XP level 13. HP: 116/116 MP: 14/14
 16063 | Lair:1   | Entered Level 1 of the Lair of Beasts
 16589 | Lair:1   | Received a gift from Okawaru
 17308 | Lair:2   | Reached skill level 14 in Shields
 19083 | Lair:3   | Received a gift from Okawaru
 20149 | Lair:4   | Found a staircase to the Shoals.
 20200 | Lair:4   | Found a dark tunnel.
 20219 | Volcano  | Entered a volcano
 20285 | Volcano  | Noticed MirrMurr's ghost (journeyman GrBe)
 20335 | Volcano  | Killed MirrMurr's ghost
 20639 | Volcano  | Reached skill level 15 in Shields
 21565 | Lair:5   | Reached XP level 14. HP: 124/127 MP: 15/15
 22647 | Lair:6   | Reached ****** piety under Okawaru
 22874 | Lair:6   | Found a staircase to the Snake Pit.
 23097 | Lair:6   | Received a gift from Okawaru
 23100 | Lair:6   | Got a pair of slimy boots {god gift}
 23106 | Lair:6   | Identified the +0 pair of boots of Lel Ymism {Dex+3} (Okawaru gifted it to you on level 6 of the Lair of Beasts)
 23830 | Lair:7   | Reached skill level 15 in Long Blades
 23890 | Lair:7   | Found a staircase to the Slime Pits.
 24675 | Lair:8   | Entered Level 8 of the Lair of Beasts
 24878 | Lair:7   | Reached skill level 16 in Shields
 25191 | Lair:8   | Noticed Nessos
 25206 | Lair:8   | Received a gift from Okawaru
 25426 | Lair:8   | Killed Nessos
 26207 | Lair:8   | Reached XP level 15. HP: 80/136 MP: 16/16
 27394 | D:14     | Received a gift from Okawaru
 27398 | D:14     | Got an ancient buckler {god gift}
 27490 | D:14     | Paralysed by an ogre mage for 5 turns
 27554 | D:14     | Identified the +5 buckler of Joicweuss {rPois} (Okawaru gifted it to you on level 14 of the Dungeon)
 27851 | D:14     | Found Ygyunwih's Armour Shoppe.
 27859 | D:14     | Got a shimmering scale mail
 27867 | D:14     | Bought the +2 pair of fencer's gloves {LBl+4 SBl+4 EV+3 Dex+6} for 793 gold pieces
 27894 | D:14     | Identified the +4 scale mail "Rien" {rElec Int+2 Dex-4} (You found it on level 14 of the Dungeon)
 28145 | D:14     | Found a gate to the Vaults.
 28794 | D:15     | Entered Level 15 of the Dungeon
 29162 | D:15     | Reached skill level 17 in Shields
 29246 | D:15     | Found an opulent altar of Gozag.
 29423 | D:15     | Found a staircase to the Depths.
 29829 | Orc:1    | Entered Level 1 of the Orcish Mines
 29829 | Orc:1    | Found Qiogesew's Distillery.
 29871 | Orc:1    | Found Budghoda's Armour Shop.
 30019 | Orc:1    | Paralysed by an orc sorcerer for 2 turns
 30037 | Orc:1    | Received a gift from Okawaru
 30086 | Orc:1    | Found a roughly hewn altar of Beogh.
 30088 | Orc:1    | Found Gume's Food Boutique.
 30271 | Orc:2    | Entered Level 2 of the Orcish Mines
 30271 | Orc:2    | Noticed Donald
 30290 | Orc:1    | Killed Donald
 30765 | Orc:2    | Found a staircase to the Elven Halls.
 31153 | Orc:2    | Found Eqiuci's Magic Scroll Boutique.
 31161 | Orc:2    | Found Oghoffere's Magic Scroll Shop.
 32067 | Orc:2    | Bought a scroll of magic mapping for 52 gold pieces
 32403 | Orc:2    | Reached XP level 16. HP: 133/144 MP: 17/17
 32538 | Orc:2    | Received a gift from Okawaru
 32591 | Orc:2    | Reached skill level 18 in Shields
 32593 | Orc:2    | Found Elannel's Antique Weapon Shoppe.
 32593 | Orc:2    | Found Sesch's Gadget Emporium.
 32593 | Orc:2    | Found a one-way gate leading to the halls of Pandemonium.
 32639 | Orc:2    | Found Lyujic's Gadget Emporium.
 32917 | Orc:2    | Bought a scroll of identify for 22 gold pieces
 32943 | Orc:2    | Bought a scroll of enchant weapon for 82 gold pieces
 32943 | Orc:2    | Bought a scroll of blinking for 82 gold pieces
 33209 | Shoals:1 | Entered Level 1 of the Shoals
 33231 | Shoals:1 | Found a frozen archway.
 33472 | IceCv    | Entered an ice cave
 34674 | IceCv    | Noticed an Ice Fiend
 34706 | IceCv    | HP: 2/147 [Ice Fiend (11)]
 34719 | IceCv    | Killed an Ice Fiend
 35046 | IceCv    | Got a vibrating bone ring
 35178 | IceCv    | Identified the ring "Amail" {SustAt Slay+3} (You found it in an ice cave)
 35189 | IceCv    | Identified a +1 pair of boots of running (You found it in an ice cave)
 35656 | Shoals:1 | Reached skill level 15 in Fighting
 35659 | Shoals:1 | Noticed tape's ghost (adept KoAs)
 35690 | Shoals:1 | Killed tape's ghost
 35711 | Shoals:1 | HP: 7/149 [drowned by a water elemental (5)]
 35716 | Shoals:1 | HP: 6/149 [drowned by a water elemental (6)]
 35940 | Shoals:1 | Received a gift from Okawaru
 36290 | Shoals:1 | Noticed a kraken
 36324 | Shoals:1 | Killed a kraken
 36324 | Shoals:1 | Reached skill level 15 in Armour
 37080 | Shoals:1 | Received a gift from Okawaru
 37402 | Shoals:2 | Received a gift from Okawaru
 37468 | Shoals:2 | Noticed a kraken
 37494 | Shoals:2 | Killed a kraken
 37964 | Shoals:2 | Reached skill level 19 in Shields
 38159 | Shoals:2 | Reached XP level 17. HP: 149/156 MP: 18/18
 38241 | Shoals:2 | Received a gift from Okawaru
 39331 | Snake:1  | Entered Level 1 of the Snake Pit
 41804 | Snake:2  | Received a gift from Okawaru
 41807 | Snake:2  | Got a pair of faintly glowing boots {god gift}
 41818 | Snake:2  | Identified the +0 pair of boots of Music {rF+++ MR- Dex+6} (Okawaru gifted it to you on level 2 of the Snake Pit)
 42386 | Snake:3  | Noticed Vashnia
 43889 | Snake:3  | Reached skill level 20 in Shields
 43939 | Snake:3  | Killed Vashnia
 43939 | Snake:3  | Received a gift from Okawaru
 43943 | Snake:3  | Got an ichor-stained falchion {god gift}
 43945 | Snake:3  | Identified the +7 falchion "Soddoaxt" {flame, Dex+4} (Okawaru gifted it to you on level 3 of the Snake Pit)
 44465 | Snake:3  | Reached XP level 18. HP: 20/166 MP: 20/20
 45963 | Snake:4  | Entered Level 4 of the Snake Pit
 45989 | Snake:4  | Received a gift from Okawaru
 46194 | Snake:4  | Found Lypeffi's Antique Weapon Shop.
 46290 | Snake:4  | Found Feerah's Jewellery Shop.
 46304 | Snake:4  | Bought the ring of the Pariah {MR+ Dex+5 Stlth+} for 770 gold pieces
 46578 | Snake:4  | Found Zebaodoc's Antique Weapon Shop.
 48101 | Snake:4  | Reached skill level 21 in Shields
 48270 | Snake:4  | Received a gift from Okawaru
 48352 | Snake:4  | Got a serpentine rune of Zot
 49958 | Shoals:4 | Entered Level 4 of the Shoals
 50197 | Shoals:4 | Reached XP level 19. HP: 153/177 MP: 21/21
 50413 | Shoals:4 | Received a gift from Okawaru
 50680 | Shoals:4 | Noticed Ilsuiw
 51683 | Shoals:4 | Noticed Elizilla's ghost (adept TrMo)
 51728 | Shoals:4 | Killed Elizilla's ghost
 52122 | Shoals:4 | HP: 8/177 [manticore/volley of spikes (9)]
 52130 | Shoals:4 | Received a gift from Okawaru
 52191 | Shoals:4 | Reached skill level 22 in Shields
 52735 | Shoals:4 | Got a barnacled rune of Zot
 52847 | Shoals:4 | Killed Ilsuiw
 52886 | Shoals:4 | Identified the Catalogue of Fire
 53362 | Elf:1    | Entered Level 1 of the Elven Halls
 54234 | Elf:1    | Found Desacw's Assorted Antiques.
 54293 | Elf:1    | Bought a jewelled plate armour for 980 gold pieces
 54305 | Elf:1    | Identified the +3 plate armour of Oblivion {Regen+ Int+2} (You bought it in a shop on level 1 of the Elven Halls)
 54532 | Elf:1    | Received a gift from Okawaru
 54535 | Elf:1    | Got an encrusted shield {god gift}
 54546 | Elf:1    | Identified the -8 shield of Pujapuri {*Contam rElec rPois rC+++} (Okawaru gifted it to you on level 1 of the Elven Halls)
 54560 | Elf:1    | Gained mutation: Your body sometimes deteriorates upon taking damage. [mutagenic glow]
 55275 | Elf:2    | Found a runed gate.
 55277 | Elf:2    | Found a runed gate.
 55280 | Elf:2    | Found a runed gate.
 55303 | Elf:2    | Reached skill level 10 in Dodging
 55303 | Elf:2    | Reached XP level 20. HP: 187/187 MP: 22/22
 55651 | Elf:2    | Reached skill level 23 in Shields
 56332 | Elf:3    | Entered Level 3 of the Elven Halls
 56406 | Elf:3    | Found a magical portal.
 56411 | WizLab   | Entered Wucad Mu's Monastery
 56651 | WizLab   | Gained mutation: You are resistant to hostile enchantments. [potion of beneficial mutation]
 56652 | WizLab   | Reached skill level 1 in Throwing
 56652 | WizLab   | Reached skill level 1 in Unarmed Combat
 56652 | WizLab   | Reached XP level 21. HP: 178/194 MP: 9/23
 57050 | Elf:3    | Noticed Aizul
 57067 | Elf:3    | Killed Aizul
 58706 | Elf:3    | Got a heavily runed zirconium amulet
 58797 | Elf:3    | Received a gift from Okawaru
 59152 | Elf:3    | Got a vibrating sapphire amulet
 59635 | Elf:3    | Received a gift from Okawaru
 59973 | Elf:3    | Got a pair of scorched gloves {god gift}
 59987 | Elf:3    | Got a pair of bloodstained gloves
 60078 | Elf:3    | Identified the +1 pair of gloves of Subjectivity {Int-3 Dex+4 Slay+2} (Okawaru gifted it to you on level 3 of the Elven Halls)
 60088 | Elf:3    | Identified the +0 pair of gloves of Supple Strength {MR+} (You found it on level 3 of the Elven Halls)
 60097 | Elf:3    | Identified the amulet "Wajiep" {Gourm Int+4} (You took it off a deep elf sorcerer on level 3 of the Elven Halls)
 60098 | Elf:3    | Identified the amulet of Weluweiw {*Drain +Rage rPois rC+ rN++} (You found it on level 3 of the Elven Halls)
 60810 | Slime:1  | Entered Level 1 of the Pits of Slime
 60829 | Lair:7   | Reached skill level 5 in Invocations
 61182 | Slime:2  | Gained mutation: Potions and wands are less effective at restoring your health. [a shining eye]
 61340 | Slime:3  | Gained mutation: You occasionally shout uncontrollably at your foes. [a shining eye]
 61341 | Slime:3  | Gained mutation: Your spells are a little harder to cast, but a little more powerful. [a shining eye]
 61343 | Slime:3  | Gained mutation: You are weak. (Str -2) [a shining eye]
 61346 | Slime:3  | Gained mutation: You expend magic power (3 MP) to strengthen your wands. [a shining eye]
 61349 | Slime:3  | Gained mutation: You are agile. (Dex +2) [a shining eye]
 62122 | Slime:4  | Gained mutation: Scrolls take you a little longer to read. [a shining eye]
 62124 | Slime:4  | Lost mutation: Your spells are a little harder to cast, but a little more powerful. [a shining eye]
 62127 | Slime:4  | Gained mutation: Your body often deteriorates upon taking damage. [a shining eye]
 62227 | Slime:4  | Gained mutation: You sometimes yell uncontrollably at your foes. [a shining eye]
 62428 | Slime:4  | Reached XP level 22. HP: 139/205 MP: 20/24
 62434 | Slime:4  | Received a gift from Okawaru
 62552 | Slime:4  | Found a viscous altar of Jiyva.
 63284 | Slime:6  | Entered Level 6 of the Pits of Slime
 63354 | Slime:6  | Reached skill level 24 in Shields
 63558 | Slime:6  | Gained mutation: You tend to lose your temper in combat. [a shining eye]
 63563 | Slime:6  | Lost mutation: You expend magic power (3 MP) to strengthen your wands. [a shining eye]
 63589 | Slime:6  | Noticed the Royal Jelly
 63613 | Slime:6  | HP: 8/205 [acid[the Royal Jelly] (6)]
 63618 | Slime:6  | Killed the Royal Jelly
 63619 | Slime:6  | HP: 3/206 [death ooze[the Royal Jelly] (8)]
 63621 | Slime:6  | Mangled by an acid blob

Skill      XL: |  1  2  3  4  5  6  7  8  9 10 11 12 13 14 15 16 17 18 19 20 21 22 |
---------------+-------------------------------------------------------------------+-----
Fighting       | 4 5 6 7 9 10 11 12 13 14 15 16 17 18 19 | 19.3
Armour         | 4 5 6 7 8 9 10 11 12 13 14 15 16 17 18 | 18.0
Shields        | 4 5 7 8 9 10 12 13 15 16 17 19 20 21 22 23 24 | 24.2
Dodging        | 1 2 4 5 6 7 8 9 10 | 10.8
Long Blades    | 3 4 5 6 8 10 11 13 14 15 17 18 19 20 21 22 | 22.8
Evocations     | 1 2 |  2.6
Stealth        | 1 2 3 |  3.1
Invocations    | 1 2 3 4 5 |  5.0
Throwing       | 1 |  1.1
Unarmed Combat | 1 |  1.2
Spellcasting   | |  0.6

Action                   |  1- 3 |  4- 6 |  7- 9 | 10-12 | 13-15 | 16-18 | 19-21 | 22-24 || total
-------------------------+-------+-------+-------+-------+-------+-------+-------+-------++-------
Melee: Long sword        |   107 |   191 |   245 |   471 |       |       |       |       ||  1014
       Headbutt          |    13 |    32 |    47 |   246 |   581 |   768 |   636 |    89 ||  2412
       Falchion          |       |       |       |   501 |  1114 |  1263 |  1650 |   184 ||  4712
       Scimitar          |       |       |       |    17 |   842 |   780 |       |       ||  1639
       Punch             |       |       |       |       |       |       |     4 |       ||     4
Invok: Heroism           |       |       |       |    30 |    11 |    19 |    11 |       ||    71
       Finesse           |       |       |       |     2 |     1 |       |       |       ||     3
Evoke: Wand              |       |       |     3 |     4 |    16 |     1 |     6 |       ||    30
  Use: Scroll            |       |    13 |     3 |     8 |    18 |     6 |    11 |       ||    59
       Potion            |       |     1 |     2 |     1 |     1 |    14 |     3 |     5 ||    27
 Stab: Confused          |       |       |       |       |     1 |       |       |       ||     1
  Eat: Chunk             |     1 |     5 |    12 |    28 |    47 |    27 |    32 |       ||   152
       Beef jerky        |       |       |       |     3 |     3 |     3 |       |       ||     9
       Pizza             |       |       |       |     1 |     1 |     2 |       |       ||     4
       Fruit             |       |       |       |     1 |     2 |    26 |    10 |     2 ||    41
       Royal jelly       |       |       |       |       |       |     1 |       |       ||     1
Armor: Scale mail        |    75 |    72 |     3 |       |       |       |       |       ||   150
       Chain mail        |       |       |   102 |   223 |       |       |       |       ||   325
       Skin              |       |       |     1 |       |       |       |       |       ||     1
       Plate armour      |       |       |       |    59 |   625 |   485 |   493 |    53 ||  1715
Dodge: Dodged            |    47 |    49 |    56 |   253 |   631 |   772 |   727 |    53 ||  2588
Block: Shield            |    61 |    89 |   136 |   494 |  1347 |  1646 |  1225 |   141 ||  5139
       Reflection        |       |       |       |       |    20 |   188 |   104 |     3 ||   315
